Map: 2000 Atmospheres LE

Players

ShoWTimE - Winner!

  • Race: Protoss Protoss

Lilbow

  • Race: Protoss Protoss

Event: DreamHack SC2 Masters 2021 Winter

VOD

Have the link to the VOD?

Description

Time

  • Played on: Oct. 2, 2021, 11:43 a.m.
  • Length: 12:11

All games in this series

Show
View Real Time Build Order
Export as new Build Order

ShoWTimE Protoss - Winner!

Build Orders: Phoenix Opening, Blink Stalkers 

Get SALT Encoding   

  12  0:00  Probe  
  13  0:12  Probe  
  14  0:17  Pylon  
  14  0:24  Probe (Chrono Boost)  
  15  0:36  Gateway, Probe (Chrono Boost)  
  16  0:44  Probe (Chrono Boost)  
  16  0:45  Assimilator  
  17  0:50  Probe  
  18  1:03  Probe (Chrono Boost)  
  19  1:04  Assimilator  
  19  1:10  Gateway  
  19  1:13  Probe (Chrono Boost)  
  19  1:18  Probe (Chrono Boost)  
  20  1:24  Cybernetics Core  
  21  1:29  Probe  
  22  1:36  Pylon  
  22  1:41  Probe  
  23  1:54  Probe  
  23  2:01  Sentry, Stalker  
  28  2:02  Warp Gate  
  28  2:06  Probe  
  29  2:12  Pylon  
  29  2:24  Pylon  
  29  2:27  Stalker  
  31  2:31  Sentry  
  33  2:37  Phoenix  
  33  2:52  Nexus  
  33  2:54  Probe  
  34  3:00  Shield Battery  
  34  3:06  Probe  
  35  3:13  Twilight Council  
  35  3:18  Probe  
  38  3:26  Pylon  
  38  3:30  Probe (Chrono Boost)  
  38  3:41  Probe (Chrono Boost)  
  38  3:44  Blink (Chrono Boost)  
  38  3:46  Probe (Chrono Boost)  
  39  3:51  Sentry, Stalker  
  43  3:57  Probe (Chrono Boost)  
  44  4:04  Probe (Chrono Boost)  
  46  4:11  Probe (Chrono Boost)  
  46  4:13  Phoenix  
  46  4:16  Forge, Probe (Chrono Boost)  
  47  4:20  Probe (Chrono Boost)  
  47  4:23  Probe (Chrono Boost)  
  49  4:25  Probe (Chrono Boost)  
  49  4:31  Probe  
  51  4:34  Nexus  
  51  4:36  Probe  
  52  4:42  Stalker  
  52  4:43  Stalker  
  56  4:45  Pylon  
  56  4:47  Protoss Ground Weapons Level 1 (Chrono Boost)  
  56  4:48  Probe  
  56  4:52  Probe  
  58  5:00  Probe  
  58  5:04  Probe  
  58  5:07  Adept x2  
  62  5:11  Pylon  
  62  5:12  Robotics Facility  
  62  5:13  Probe  
  65  5:16  Probe  
  65  5:18  Assimilator  
  66  5:30  Pylon, Stalker x2  
  66  5:31  Probe x2  
  72  5:39  Phoenix  
  70  5:43  Probe x2  
  70  5:52  Probe  
  70  5:54  Charge  
  70  5:55  Probe x2  
  69  5:58  Shield Battery, Gateway x2  
  69  6:00  Observer  
  69  6:04  Probe, Gateway  
  71  6:07  Gateway, Probe  
  71  6:08  Probe  
  73  6:13  Stalker x2  
  73  6:16  Probe  
  73  6:17  Assimilator  
  78  6:20  Probe x2  
  78  6:24  Assimilator  
  80  6:28  Immortal (Chrono Boost)  
  87  6:34  Shield Battery  
  87  6:36  Pylon  
  87  6:38  Stalker  
  87  6:41  Stalker  
  87  6:44  Pylon  
  88  6:53  Stalker x2  
  92  6:57  Immortal (Chrono Boost)  
  96  7:01  Stalker  
  96  7:07  Stalker  
  96  7:08  Stalker  
  96  7:18  Stalker x2  
  96  7:20  Probe x3  
  86  7:26  Stalker x2  
  86  7:32  Probe x2  
  73  7:37  Stalker x2  
  73  7:39  Probe (Chrono Boost)  
  73  7:42  Protoss Ground Weapons Level 2 (Chrono Boost)  
  70  7:44  Observer, Probe (Chrono Boost)  
  70  7:49  Probe (Chrono Boost)  
  70  7:51  Probe (Chrono Boost)  
  73  7:56  Probe (Chrono Boost)  
  75  7:59  Probe x2 (Chrono Boost)  
  75  8:00  Gateway  
  75  8:01  Zealot x3, Probe (Chrono Boost), Gateway  
  75  8:03  Pylon  
  75  8:04  Observer, Probe (Chrono Boost)  
  75  8:05  Probe  
  84  8:07  Zealot x2  
  84  8:10  Probe  
  91  8:13  Zealot  
  91  8:15  Probe  
  94  8:20  Probe, Templar Archives  
  94  8:24  Zealot x2  
  94  8:25  Pylon  
  94  8:27  Zealot  
  101  8:32  Templar Archives  
  101  8:33  Zealot  
  103  8:38  Shield Battery  
  103  8:41  Zealot x2  
  107  8:46  Zealot  
  107  8:47  Zealot  
  111  8:54  Pylon x2  
  111  8:56  Zealot x3  
  111  9:00  Shield Battery  
  111  9:02  Zealot  
  119  9:07  Zealot x2  
  119  9:08  Zealot  
  125  9:15  High Templar  
  123  9:19  High Templar  
  123  9:20  Zealot x2  
  123  9:24  Zealot, Archon  
  113  9:30  Zealot x3  
  99  9:34  Shield Battery  
  97  9:38  Gateway  
  97  9:40  Shield Battery  
  97  9:41  High Templar x2  
  97  9:45  Archon  
  100  9:46  Immortal (Chrono Boost)  
  100  9:47  Zealot  
  100  9:48  Zealot  
  106  9:56  Zealot x3  
  100  10:01  Zealot  
  94  10:08  Zealot x2  
  94  10:14  Zealot  
  88  10:15  Immortal (Chrono Boost)  
  88  10:18  Zealot  
  88  10:22  High Templar x2  
  88  10:24  Zealot  
  88  10:25  Archon  
  88  10:27  High Templar  
  88  10:28  High Templar  
  98  10:32  Archon  
  98  10:33  Zealot  
  100  10:36  Zealot  
  102  10:44  Warp Prism (Chrono Boost)  
  102  10:48  Nexus  
  104  10:52  High Templar x2  
  104  10:56  Archon  
  108  10:58  Pylon  
  108  11:02  Probe  
  108  11:03  Probe  
  110  11:04  Assimilator  
  110  11:05  High Templar x2, Zealot x4  
  110  11:09  Archon  
  122  11:14  Nexus  
  122  11:18  Pylon  
  122  11:25  Zealot x4  
  130  11:36  Zealot x2  
  130  11:39  Zealot x2  
  134  11:48  Zealot x4  
  136  11:58  Zealot x2  
  124  12:03  Zealot x2  
Show
View Real Time Build Order
Export as new Build Order

Lilbow Protoss 

Build Orders: Phoenix Opening 

Get SALT Encoding   

  12  0:00  Probe  
  13  0:12  Probe  
  14  0:17  Pylon  
  14  0:24  Probe (Chrono Boost)  
  16  0:36  Gateway, Probe (Chrono Boost)  
  16  0:43  Probe (Chrono Boost)  
  16  0:46  Assimilator  
  17  0:51  Probe  
  18  1:03  Probe (Chrono Boost)  
  19  1:04  Assimilator  
  19  1:08  Gateway  
  19  1:13  Probe (Chrono Boost)  
  19  1:18  Probe (Chrono Boost)  
  20  1:24  Cybernetics Core  
  21  1:29  Probe  
  22  1:35  Pylon  
  22  1:41  Probe  
  23  1:53  Probe  
  24  2:02  Stalker x2  
  24  2:05  Warp Gate  
  29  2:15  Pylon  
  28  2:29  Pylon  
  28  2:32  Sentry  
  30  2:43  Sentry  
  32  2:46  Nexus  
  32  2:48  Probe (Chrono Boost)  
  34  3:00  Probe (Chrono Boost)  
  34  3:01  Pylon  
  34  3:05  Sentry, Probe (Chrono Boost)  
  36  3:10  Shield Battery  
  37  3:15  Phoenix  
  37  3:17  Probe (Chrono Boost)  
  38  3:22  Twilight Council  
  39  3:27  Probe (Chrono Boost)  
  39  3:32  Probe (Chrono Boost)  
  40  3:36  Forge  
  40  3:43  Probe  
  42  3:59  Probe x2 (Chrono Boost), Phoenix  
  42  4:01  Blink  
  43  4:08  Probe (Chrono Boost)  
  45  4:10  Probe (Chrono Boost)  
  45  4:13  Protoss Ground Weapons Level 1, Probe (Chrono Boost)  
  48  4:24  Phoenix  
  48  4:25  Probe x2 (Chrono Boost)  
  48  4:30  Probe (Chrono Boost)  
  48  4:31  Nexus  
  48  4:32  Probe (Chrono Boost)  
  48  4:36  Assimilator  
  50  4:40  Probe  
  50  4:42  Robotics Facility  
  50  4:43  Probe  
  52  4:52  Probe, Stalker  
  55  4:54  Stalker  
  55  4:57  Pylon  
  58  5:00  Phoenix  
  58  5:01  Probe (Chrono Boost)  
  58  5:04  Probe (Chrono Boost)  
  59  5:11  Gateway x2  
  61  5:15  Probe (Chrono Boost), Stalker  
  61  5:16  Probe (Chrono Boost)  
  61  5:18  Stalker  
  61  5:20  Probe (Chrono Boost)  
  65  5:23  Shield Battery  
  66  5:29  Observer  
  66  5:30  Probe  
  66  5:31  Probe  
  69  5:42  Probe, Stalker x2  
  69  5:43  Probe  
  69  5:45  Probe  
  72  5:54  Probe  
  72  5:55  Probe  
  74  5:57  Probe  
  74  5:58  Warp Prism (Chrono Boost)  
  77  6:06  Stalker x2  
  77  6:07  Stalker  
  77  6:10  Stalker  
  85  6:13  Gateway  
  85  6:15  Pylon  
  85  6:19  Gateway  
  85  6:21  Gateway  
  85  6:23  Pylon  
  85  6:37  Stalker x4  
  93  6:41  Pylon  
  93  6:43  Pylon  
  93  6:59  Gateway  
  93  7:00  Stalker x4  
  93  7:17  Stalker x2  
  91  7:24  Stalker x3  
  91  7:25  Probe x2, Stalker  
  75  7:41  Stalker x2  
  75  7:42  Probe x2  
  71  7:44  Charge (Chrono Boost)  
  71  7:47  Warp Prism  
  71  7:50  Zealot  
  71  7:51  Zealot x3  
  77  7:54  Probe  
  78  7:59  Sentry  
  78  8:03  Gateway  
  78  8:04  Zealot x2, Gateway  
  84  8:09  Zealot  
  84  8:11  Zealot x2  
  84  8:12  Zealot x2  
  94  8:21  Gateway  
  94  8:24  Zealot x3  
  100  8:34  Zealot x5  
  104  8:39  Pylon  
  110  8:45  Zealot x2  
  110  8:46  Zealot  
  116  8:51  Pylon  
  116  9:01  Stalker x3  
  116  9:02  Stalker  
  124  9:15  Zealot x6  
  130  9:18  Zealot  
  112  9:24  Zealot x3  
  112  9:25  Zealot  
  100  9:38  Zealot x6  
  110  9:42  Sentry  
  110  9:55  Zealot x2  
  110  9:56  Zealot x2  
  99  10:01  Zealot x5  
  91  10:12  Zealot x2  
  83  10:16  Zealot x4  
  81  10:27  Templar Archives  
  81  10:29  Assimilator  
  81  10:31  Assimilator  
  81  10:33  Assimilator  
  81  10:44  Zealot x7  
  81  10:45  Zealot x2  
  99  10:50  Sentry  
  101  11:05  High Templar x3  
  101  11:06  High Templar x2  
  101  11:07  High Templar  
  101  11:08  Zealot x4  
  101  11:10  Archon x2  
  101  11:11  Archon  
  121  11:23  Zealot  
  123  11:28  Stalker  
  123  11:29  Stalker x2  
  123  11:30  Zealot  
  131  11:45  Zealot x2  
  131  11:47  Zealot x2  
  109  11:56  Zealot x3  
  109  11:57  Zealot x6  
  101  12:06  Zealot x2  

Tags
 
Add a new tag
Caveats
  • Supply blocks, unpowered buildings, or Contaminate may cause inaccurate times.
  • Supply counts are checked every 10 seconds.